 Dungeon Crawl Stone Soup version 0.29-a0-830-gcb1280458a (webtiles) character file.

Game seed: 9849611342427985341

40 Araneus the Cutter (level 3, -2/24 HPs)
             Began as an Octopode Warper on July 7, 2022.
             Slain by Sigmund
             ... wielding a +3 scythe
              (10 damage)
             ... on level 2 of the Dungeon on July 12, 2022.
             The game lasted 00:07:47 (1983 turns).

Araneus the Cutter (Octopode Warper)                Turns: 1983, Time: 00:07:47

Health: -2/24      AC:  3    Str: 10    XL:     3   Next: 50%
Magic:  6/6        EV: 13    Int: 15    God:
Gold:   18         SH:  0    Dex: 13    Spells: 6/6 levels left

rFire   . . .      SeeInvis .   a - +0 short sword
rCold   . . .      Faith    .   (no shield)
rNeg    . . .      Spirit   .   (helmet restricted)
rPois   .          Reflect  .   (no amulet)
rElec   .          Harm     .   (no ring)
rCorr   .          Rampage  .   (no ring)
Will    .....      Clarity  +   (no ring)
Stlth   ++........ Rnd*Tele +   (no ring)
HPRegen 0.08/turn               (no ring)
MPRegen 0.10/turn               (no ring)
                                (no ring)
                                (no ring)

@: no status effects
A: almost no armour, amphibious, 8 rings, camouflage 1, gelatinous body 1,
(nimble swimmer 1), tentacles, iridescent scales 1, clarity, teleportitis 1,
evolution 1
a: no special abilities


You were on level 2 of the Dungeon.
You visited 1 branch of the dungeon, and saw 2 of its levels.

You collected 18 gold pieces.

Inventory:

Hand Weapons
 a - a +0 short sword (weapon)
Missiles
 c - 6 boomerangs of dispersal (quivered)
Scrolls
 b - a scroll of blinking
 e - a scroll of amnesia {unknown}
 h - a scroll of noise {unknown}


   Skills:
 + Level 2.3 Fighting
 * Level 3.5 Short Blades
 + Level 1.2 Throwing
 - Level 2.3 Dodging
 - Level 2.0 Spellcasting
 - Level 3.0 Translocations


You had 6 spell levels left.
You didn't know any spells.
Your spell library contained the following spells:

 Spells                   Type           Power      Damage    Failure   Level
 Blink                    Tloc           20%        N/A       10%         2
 Gell's Gravitas          Tloc           10%        N/A       19%         3
 Lesser Beckoning         Tloc           10%        N/A       19%         3
 Teleport Other           Tloc           10%        N/A       19%         3
 Dazzling Flash           Conj/Hex       2%         N/A       54%         3
 Iskenderun's Mystic Bla  Conj/Tloc      6%         2d4       75%         4
 Manifold Assault         Tloc           10%        N/A       87%         5
 Starburst                Conj/Fire      0%         6d3       100%        6


Dungeon Overview and Level Annotations

Branches:
Dungeon (2/15)

Altars:
Nemelex Xobeh

Annotations:
D:2 Robin, Sigmund, Terence


Innate Abilities, Weirdness & Mutations

You cannot wear most types of armour.
You are amphibious.
You can wear up to eight rings at the same time.
Your skin changes colour to match your surroundings (Stealth+).
Your rubbery body absorbs attacks. (AC +1, EV +1)
((You are camouflaged when in or above water. (Stealth+)))
You have tentacles for arms and can constrict up to eight enemies at once.
You are partially covered in iridescent scales. (AC +2)
You possess an exceptional clarity of mind.
You are occasionally teleported next to monsters.
You have hidden genetic potential.


Message History

You barely miss the giant cockroach. Your grab misses the giant cockroach.
The giant cockroach is moderately wounded.
The giant cockroach barely misses you. The giant cockroach closely misses you.
You hit the giant cockroach but do no damage.
Your grab misses the giant cockroach.
Your squeeze misses the giant cockroach.
The giant cockroach is moderately wounded.
Robin roars a battlecry!
The goblins go into a battle-frenzy!
The giant cockroach bites you but does no damage.
The hobgoblin shouts!
You hear a shout!
You closely miss the giant cockroach. You grab the giant cockroach.
Your squeeze misses the giant cockroach.
The giant cockroach is moderately wounded.
You constrict the giant cockroach, but do no damage.
A hobgoblin comes into view.
Robin throws the goblin at you! The goblin hits you but does no damage.
The giant cockroach misses you.
You miss the goblin.
The hobgoblin shouts!
Your grab misses the goblin. You squeeze the goblin.
You kill the goblin!
You constrict the giant cockroach, but do no damage.
Something barely misses you. The giant cockroach misses you.
You hit the giant cockroach.
The giant cockroach is severely wounded.
You constrict the giant cockroach.
You kill the giant cockroach!
Something hits you!
Ouch! That really hurt!
You hit the hobgoblin.
You kill the hobgoblin!
Level annotation: Robin, Sigmund, Terence Welcome back, Araneus the Octopode Warper.
Press ? for a list of commands and other information.
Okay, then.
You hit Robin. You grab Robin.
Robin is moderately wounded.
You constrict Robin. Something hits you!
You die...

####### #### ....... ..#
.......#### #)#
...K...<..# #@#
.............###g####
...............{....# .
..........g...g.....####..
........g....gg...........
........$.................
....................#####
......@...#.........#
..........#.........#


You could see Robin, 2 hobgoblins and a goblin.

Vanquished Creatures
  An adder (D:2)
  3 endoplasms
  2 giant cockroaches
  7 goblins
  5 hobgoblins
  2 kobolds (D:2)
  2 ball pythons (D:1)
  2 bats (D:1)
  2 frilled lizards (D:1)
  A rat (D:2)
27 creatures vanquished.

Notes
Turn   | Place    | Note
-------+----------+-------------------------------------------
     0 | D:1      | Araneus the Octopode Warper began the quest for the Orb.
     0 | D:1      | Reached XP level 1. HP: 14/14 MP: 3/3
   326 | D:1      | Reached XP level 2. HP: 12/19 MP: 5/5
   793 | D:1      | Found a faded altar of an unknown god.
  1264 | D:2      | Noticed Terence
  1379 | D:2      | Noticed Sigmund
  1379 | D:2      | Noticed Robin
  1639 | D:2      | Reached XP level 3. HP: 15/24 MP: 6/6
  1914 | D:2      | Gained mutation: You possess an exceptional clarity of
                  | mind. [potion of mutation]
  1914 | D:2      | Gained mutation: You have hidden genetic potential. [potion
                  | of mutation]
  1914 | D:2      | Gained mutation: You are occasionally teleported next to
                  | monsters. [potion of mutation]
  1914 | D:2      | Gained mutation: You are partially covered in iridescent
                  | scales. (AC +2) [potion of mutation]
  1929 | D:2      | Found a sparkling altar of Nemelex Xobeh.
  1983 | D:2      | Upgraded the game from 0.29-a0-819-g94b489e0ae to
                  | 0.29-a0-830-gcb1280458a
  1983 | D:2      | Slain by Sigmund

Illustrated notes

Levels and vault maps discovered:
D:1:      amcnicky_arrival_abandoned_market, layout_basic,
          hellmonk_ecumenical_altar_crossroads, roderic_lattice_a
D:2:      layout_basic, basic_altar, uniq_robin, uniq_sigmund, uniq_terence

Skill      XL: |  1  2 |
---------------+-------+-----
Short Blades   | 3 |  3.5
Fighting       | |  2.3
Throwing       | |  1.2
Dodging        | |  2.3
Spellcasting   | |  2.0
Translocations | |  3.0

Action                   || total
-------------------------++-------
Melee: Short sword       ||    57
       Tentacles         ||    13
       Constrict         ||    13
Throw: Boomerang         ||     1
  Use: Scroll            ||     2
       Potion            ||     2
 Stab: Sleeping          ||     5
Armor: Skin              ||     6
Dodge: Dodged            ||    36

Table legend: (Time is in decaauts)
 A = Elapsed time spent in this place.
 B = Non-inter-level travel time spent in this place.
 C = Inter-level travel time spent in this place.
 D = Time resting spent in this place.
 E = Time spent auto-exploring this place.
 F = Levels seen in this place.
 G = Mean time per level.
                   A        B        C        D        E       F      G
               +--------+--------+--------+--------+--------+-----+--------+
         Total |   1982 |   1870 |    112 |    379 |   1233 |   2 |  991.0 |
       Dungeon |   1982 |   1870 |    112 |    379 |   1233 |   2 |  991.0 |
               +--------+--------+--------+--------+--------+-----+--------+

Top non-repeatable levels by time:
     D:1: 1782 daAuts
     D:2: 200 daAuts
